 Dungeon Crawl Stone Soup version 0.27.1-1-g398f81649c (webtiles) character file.

Game seed: 3738213882048732108

54 AttackTheMoon the Skirmisher (level 3, -5/29 HPs)
             Began as a Demonspawn Monk on Sept 14, 2021.
             Slain by Terence (11 damage)
             ... on level 2 of the Dungeon.
             The game lasted 00:02:22 (972 turns).

AttackTheMoon the Skirmisher (Demonspawn Monk)       Turns: 972, Time: 00:02:23

Health: -5/29      AC:  2    Str: 12    XL:     3   Next: 66%
Magic:  4/4        EV: 13    Int: 11    God:
Gold:   30         SH:  0    Dex: 15    Spells: 2/2 levels left

rFire    . . .     SeeInvis .   a - +0 spear
rCold    . . .     Faith    .   (no shield)
rNeg     . . .     Spirit   .   b - +0 robe
rPois    .         Reflect  .   (helmet restricted)
rElec    .         Harm     .   (no cloak)
rCorr    .         Rampage  .   (no gloves)
Will     .....                  (no boots)
Stlth    ++........             d - amulet of regeneration
HPRegen  1.09/turn              (no ring)
MPRegen  0.09/turn              (no ring)

@: no status effects
A: horns 1, demonic magic 1
a: no special abilities


You were on level 2 of the Dungeon.
You visited 1 branch of the dungeon, and saw 2 of its levels.

You collected 30 gold pieces.

Inventory:

Hand Weapons
 a - a +0 spear (weapon)
 h - a +2 falchion of freezing
Armour
 b - a +0 robe (worn)
Jewellery
 d - an amulet of regeneration (around neck)
Scrolls
 e - a scroll of immolation {unknown}
 f - 2 scrolls of identify {unknown}
Potions
 c - a potion of curing {unknown}
 g - a potion of brilliance {unknown}
 i - a potion of attraction {unknown}


   Skills:
 + Level 3.3 Fighting
 + Level 3.0 Polearms
 + Level 3.0 Dodging
 + Level 2.3 Stealth
 + Level 1.8 Invocations


You had 2 spell levels left.
You didn't know any spells.
Your spell library was empty.

Dungeon Overview and Level Annotations

Branches:
Dungeon (2/15)

Altars:

Annotations:
D:2 Terence


Innate Abilities, Weirdness & Mutations

You have a pair of small horns on your head.
Spells you cast may paralyse adjacent enemies.


Message History

Terence is nearby!
Terence is nearby!
You reach to attack!
The helpless Terence fails to defend himself.
You hit Terence but do no damage. You hit Terence.
Your headbutt misses Terence.
Terence is moderately wounded.
Terence hits you with a +0 flail!
You hit Terence but do no damage. You headbutt Terence.
Terence is heavily wounded.
Terence misses you.
You hit Terence but do no damage.
Terence is heavily wounded.
Terence hits you with a +0 flail.
You closely miss Terence.
Terence is heavily wounded.
Terence hits you with a +0 flail!
* * * LOW HITPOINT WARNING * * *
A frilled lizard comes into view.
You are too injured to fight recklessly!
You are too injured to fight recklessly!
You are too injured to fight recklessly!
You are too injured to fight recklessly!
You are too injured to fight recklessly!
You are too injured to fight recklessly!
You are too injured to fight recklessly!
You are too injured to fight recklessly!
You are too injured to fight recklessly!
You are too injured to fight recklessly!
You are too injured to fight recklessly!
Okay, then.
The frilled lizard hisses angrily.
You hit Terence but do no damage. You headbutt Terence.
Terence is severely wounded.
Terence hits you with a +0 flail.
* * * LOW HITPOINT WARNING * * *
You hit Terence but do no damage. Your headbutt misses Terence.
Terence is severely wounded.
Terence hits you with a +0 flail!
You die...

####### #......
#################......
.......................
.......................
........########.......
########.# #.......
#.l....#.# ##.##### #.@@.#
#.# # ######## #.# #
#...†..# #.# #
#.###......#######.# #
#..................#####
..#####.##............#(##
........................##
...####.##..........#...##
.. #.##..........##..##


You could see Terence and a frilled lizard.

Vanquished Creatures
  An adder (D:2)
  2 dart slugs
  An endoplasm (D:1)
  5 goblins (D:1)
  3 hobgoblins (D:1)
  9 jackals (D:2)
  4 kobolds
  2 quokkas (D:2)
  4 ball pythons
  2 frilled lizards (D:1)
  5 rats
38 creatures vanquished.

Notes
Turn   | Place    | Note
-------+----------+-------------------------------------------
     0 | D:1      | AttackTheMoon the Demonspawn Monk began the quest for the
                  | Orb.
     0 | D:1      | Reached XP level 1. HP: 18/18 MP: 1/1
   105 | D:1      | Gained mutation: You have a pair of small horns on your
                  | head. [demonic ancestry]
   105 | D:1      | Reached XP level 2. HP: 24/24 MP: 2/2
   230 | D:1      | Reached skill level 1 in Invocations
   798 | D:2      | Gained mutation: Spells you cast may paralyse adjacent
                  | enemies. [demonic ancestry]
   798 | D:2      | Reached XP level 3. HP: 28/29 MP: 4/4
   899 | D:2      | Found a faded altar of an unknown god.
   964 | D:2      | Noticed Terence
   972 | D:2      | Slain by Terence

Illustrated notes

Levels and vault maps discovered:
D:1:      psy_arrival_statuary, layout_loops_ring
D:2:      layout_basic, serial_shops, nicolae_shop_window_shopping,
          chequers_ecumenical_altar_simple, uniq_terence

Skill      XL: |  1  2  3 |
---------------+----------+-----
Stealth        | 2 |  2.3
Invocations    | 1 |  1.8
Dodging        | 3 |  3.0
Polearms       | 3 |  3.0
Fighting       | |  3.3

Action                   || total
-------------------------++-------
Melee: Spear             ||   109
       Headbutt          ||    13
 Stab: Sleeping          ||    10
Armor: Robe              ||    13
Dodge: Dodged            ||    61
